 Dungeon Crawl Stone Soup version 0.27-a0-1188-g73eefd5def (webtiles) character file.

Game seed: 4184429985046572821

3 HoaS the Bolt Thrower (level 1, -1/12 HPs)
             Began as a Gargoyle Hunter on May 21, 2021.
             Slain by a goblin
             ... wielding a +0 dagger of protection
              (2 damage)
             ... on level 1 of the Dungeon.
             The game lasted 00:00:45 (230 turns).

HoaS the Bolt Thrower (Gargoyle Hunter)              Turns: 230, Time: 00:00:46

Health: -1/12      AC:  5    Str: 15    XL:     1   Next: 50%
Magic:  1/1        EV: 11    Int: 11    God:
Gold:   0          SH:  0    Dex: 10    Spells: 0/0 levels left

rFire    . . .     SeeInvis .   (no weapon)
rCold    . . .     Faith    .   (no shield)
rNeg     + . .     Spirit   .   c - +0 leather armour
rPois    ∞         Reflect  .   (no helmet)
rElec    +         Harm     .   (no cloak)
rCorr    .         Rampage  .   (no gloves)
Will     .....                  (no boots)
Stlth    +.........             (no amulet)
HPRegen  0.04/turn              (no ring)
MPRegen  0.07/turn              (no ring)

@: no status effects
A: sickness immunity, AC +2, negative energy resistance 1, electricity
resistance, torment resistance 1, petrification resistance
a: no special abilities


You were on level 1 of the Dungeon.
You visited 1 branch of the dungeon, and saw 1 of its levels.

Inventory:

Hand Weapons
 w - a +1 hand crossbow
Missiles
 d - 20 bolts
Armour
 c - a +0 leather armour (worn)
Jewellery
 a - a ring of resist corrosion
Potions
 b - a potion of mutation {unknown}


   Skills:
 - Level 2.1 Fighting
 + Level 4.0 Crossbows
 - Level 1.5 Dodging
 + Level 1.2 Stealth
 * Level 0.5 Unarmed Combat


You couldn't memorise any spells.
You didn't know any spells.
Your spell library was empty.

Dungeon Overview and Level Annotations

Branches:
Dungeon (1/15)

Altars:


Innate Abilities, Weirdness & Mutations

You are immune to sickness and miasma.
Your stone body is resilient. (AC +2)
You are immune to poison.
You resist negative energy. (rN+)
You are resistant to electric shocks. (rElec)
You are resistant to unholy torment.
You are immune to petrification.


Message History

You barely miss the goblin.
The goblin is moderately wounded.
The goblin barely misses you.
You hit the goblin but do no damage.
The goblin is moderately wounded.
The goblin closely misses you.
Your leather armour prevents you from hitting the goblin.
The goblin is moderately wounded.
The goblin barely misses you.
You closely miss the goblin.
The goblin is moderately wounded.
The goblin hits you with a +0 dagger of protection.
You hit the goblin but do no damage.
The goblin is moderately wounded.
The goblin hits you with a +0 dagger of protection.
* * * LOW HITPOINT WARNING * * *
You closely miss the goblin.
The goblin is moderately wounded.
The goblin misses you.
You closely miss the goblin.
The goblin is moderately wounded.
The goblin barely misses you.
You hit the goblin but do no damage.
The goblin is moderately wounded.
The goblin hits you with a +0 dagger of protection.
* * * LOW HITPOINT WARNING * * *
You closely miss the goblin.
The goblin is moderately wounded.
The goblin barely misses you.
You hit the goblin but do no damage.
The goblin is moderately wounded.
The goblin hits you with a +0 dagger of protection.
* * * LOW HITPOINT WARNING * * *
You hit the goblin but do no damage.
The goblin is moderately wounded.
The goblin barely misses you.
You hit the goblin but do no damage.
The goblin is moderately wounded.
The goblin hits you with a +0 dagger of protection.
You die...

#.. #.. #..
#..## #...#
#...# #..g#
#####..@#
........#
######..#
##..#
#...#######
#.#...)...#
#...#####.#
###.# #.#
#.# #.#


You could see a goblin.

Vanquished Creatures
  A kobold (D:1)
  2 goblins (D:1)
3 creatures vanquished.

Notes
Turn   | Place    | Note
-------+----------+-------------------------------------------
     0 | D:1      | HoaS the Gargoyle Hunter began the quest for the Orb.
     0 | D:1      | Reached XP level 1. HP: 12/12 MP: 1/1
   230 | D:1      | Slain by a goblin

Illustrated notes

Levels and vault maps discovered:
D:1:      amcnicky_arrival_single_pillar, layout_loops_ring,
          ebering_ecumenical_altar_sacrificial, chequers_serial_rivers_large_a

Action                   || total
-------------------------++-------
Melee: Unarmed           ||    30
Armor: Leather armour    ||     4
Dodge: Dodged            ||    15

Table legend: (Time is in decaauts)
 A = Elapsed time spent in this place.
 B = Non-inter-level travel time spent in this place.
 C = Inter-level travel time spent in this place.
 D = Time resting spent in this place.
 E = Time spent auto-exploring this place.
 F = Levels seen in this place.
 G = Mean time per level.
                   A        B        C        D        E       F      G
               +--------+--------+--------+--------+--------+-----+--------+
         Total |    229 |    229 |      0 |    119 |     65 |   1 |  229.0 |
       Dungeon |    229 |    229 |      0 |    119 |     65 |   1 |  229.0 |
               +--------+--------+--------+--------+--------+-----+--------+

Top non-repeatable levels by time:
     D:1: 229 daAuts
